 Seeded DCSS version 0.30-a0-125-g51eefa89be (webtiles) character file.

Game seed: 17246712331252751712 (custom seed)

270696 wilfster70 the Slayer (level 19, -8/206 HPs)
             Began as a Minotaur Fighter on Sept 17, 2022.
             Was the Champion of Wu Jian.
             Mangled by a guardian serpent (20 damage)
             ... in the Desolation of Salt on Sept 18, 2022.
             The game lasted 01:39:15 (45056 turns).

wilfster70 the Slayer (Minotaur Fighter)           Turns: 45056, Time: 01:39:16

Health: -8/206     AC: 27    Str: 33    XL:     19   Next: 43%
Magic:  0/18       EV:  9    Int: 21    God:    Wu Jian [******]
Gold:   2238       SH: 25    Dex: 19    Spells: 18/18 levels left

rFire   + . .      SeeInvis +    b - +7 trident of Extinguishment {vamp, Will+ Dex+6}
rCold   + . .      Faith    .    W - +1 tower shield {reflect}
rNeg    . . .      Spirit   +    h - +0 crystal plate armour
rPois   +          Reflect  +    K - +3 crown of Dyrovepreva {rElec Int+2 SInv}
rElec   +          Harm     .    P - scarf {shadows}
rCorr   +          Rampage  .    G - +1 pair of gloves
Will    ++...                    e - +0 pair of boots of Past Mistakes {Str+7 Int+2 Slay+3}
Stlth   ..........               U - amulet of Desertification {Spirit +Blink rElec rPois rC+}
HPRegen 0.44/turn                f - ring "Mownunt" {rF+ Will+ Str+6 Int+8 Stlth-}
MPRegen 0.16/turn                t - ring "Dany" {rElec rPois Will+ rCorr Str-2}

@: lethally poisoned (-8 -> -12), weak-willed, slowed, studying Hexes, serpent's
lash, very slow
A: horns 2, retaliatory headbutt
}: 2/15 runes: barnacled, gossamer
a: Renounce Religion, Evoke Blink, Wall Jump, Serpent's Lash, Heavenly Storm


You were in the Desolation of Salt.
You worshipped Wu Jian.
Wu Jian was exalted by your worship.
You visited 6 branches of the dungeon, and saw 32 of its levels.
You also visited: Sewer, Gauntlet, Ice Cave and Desolation.

You collected 4280 gold pieces.
You spent 2042 gold pieces at shops.

Inventory:

Hand Weapons
 a - a +9 demon trident of electrocution
 b - the +7 trident of Extinguishment (weapon) {vamp, Will+ Dex+6}
   (You found it on level 5 of the Lair of Beasts)

   It occasionally heals its wielder for a portion of the damage dealt when it
   wounds a living foe.
   Dex:       It affects your dexterity (+6).
   Will:      It increases your willpower.
Missiles
 m - 3 throwing nets
 r - 5 javelins
 N - 9 curare-tipped darts
 T - 4 atropa-tipped darts
 X - 4 silver javelins
Armour
 e - the +0 pair of boots of Past Mistakes (worn) {Str+7 Int+2 Slay+3}
   (You acquired it on level 1 of the Dungeon)

   Str:       It affects your strength (+7).
   Int:       It affects your intelligence (+2).
   Slay:      It affects your accuracy & damage with ranged weapons and melee
   (+3).
 h - a +0 crystal plate armour (worn)
 G - a +1 pair of gloves (worn)
 K - the +3 crown of Dyrovepreva (worn) {rElec Int+2 SInv}
   (You found it on level 10 of the Dungeon)

   Int:       It affects your intelligence (+2).
   rElec:     It insulates you from electricity.
   SInv:      It lets you see invisible.
 P - a scarf of shadows (worn)
 W - a +1 tower shield of reflection (worn)
Jewellery
 f - the ring "Mownunt" (left hand) {rF+ Will+ Str+6 Int+8 Stlth-}
   (You found it on level 2 of the Spider Nest)

   [ring of protection from fire]

   Str:       It affects your strength (+6).
   Int:       It affects your intelligence (+8).
   rF:        It protects you from fire.
   Will:      It increases your willpower.
   Stlth:     It makes you less stealthy.
 o - a ring of flight
 t - the ring "Dany" (right hand) {rElec rPois Will+ rCorr Str-2}
   (You acquired it on level 4 of the Lair of Beasts)

   [ring of willpower]

   Str:       It affects your strength (-2).
   rElec:     It insulates you from electricity.
   rPois:     It protects you from poison.
   rCorr:     It protects you from acid and corrosion.
   Will:      It increases your willpower.
 z - the ring of Sloth {rC+ Will+ Str+3 Slay+4}
   (You found it in the Desolation of Salt)

   [ring of slaying]

   Str:       It affects your strength (+3).
   Slay:      It affects your accuracy & damage with ranged weapons and melee
   (+4).
   rC:        It protects you from cold.
   Will:      It increases your willpower.
 J - the amulet of Beogh's Outrage {+Inv Regen+ rCorr Stlth-}
   (You found it on level 14 of the Dungeon)

   [amulet of regeneration]

   +Inv:      It lets you turn invisible.
   Regen:     It increases your rate of health regeneration.
   rCorr:     It protects you from acid and corrosion.
   Stlth:     It makes you less stealthy.
 U - the amulet of Desertification (around neck) {Spirit +Blink rElec rPois rC+}
   (You found it on level 5 of the Lair of Beasts)

   [amulet of guardian spirit]

   It causes incoming damage to be divided between your reserves of health and
   magic.
   rC:        It protects you from cold.
   rElec:     It insulates you from electricity.
   rPois:     It protects you from poison.
   +Blink:    It lets you blink.
Wands
 s - a wand of light (3)
 C - a wand of paralysis (23)
 M - a wand of flame (46)
 R - a wand of polymorph (9)
 V - a wand of roots (14)
Scrolls
 i - 2 scrolls of blinking
 j - 12 scrolls of teleportation
 k - 10 scrolls of fog
 n - 5 scrolls of poison
 v - 3 scrolls of magic mapping
 y - 2 scrolls of summoning
 B - 6 scrolls of fear
 F - 3 scrolls of silence
Potions
 c - 4 potions of brilliance
 d - 7 potions of might
 g - 4 potions of lignification
 l - 19 potions of curing
 p - 6 potions of cancellation
 q - 6 potions of magic
 w - 9 potions of invisibility
 A - 4 potions of resistance
 D - 9 potions of mutation
 L - 8 potions of haste
 O - 3 potions of berserk rage
 S - 10 potions of ambrosia
Miscellaneous
 u - a condenser vane
 Q - a phantom mirror


   Skills:
 + Level 26.9 Fighting
 - Level 14.0 Polearms
 + Level 9.5 Throwing
 - Level 10.0 Armour
 - Level 6.0 Dodging
 - Level 22.4 Shields
 - Level 10.0 Evocations


You had 18 spell levels left.
You didn't know any spells.
Your spell library contained the following spells:

 Spells                   Type           Power      Damage    Failure   Level
 Apportation              Tloc           0%         N/A       99%         1
 Beastly Appendage        Tmut           0%         N/A       99%         1
 Foxfire                  Conj/Fire      0%         2x1d4     99%         1
 Necrotise                Necr           0%         1d4       99%         1
 Sandblast                Erth           0%         2d4       99%         1
 Summon Small Mammal      Summ           0%         N/A       99%         1
 Blink                    Tloc           0%         N/A       100%        2
 Call Imp                 Summ           0%         N/A       100%        2
 Ensorcelled Hibernation  Hex/Ice        0%         N/A       100%        2
 Passwall                 Tmut/Erth      0%         N/A       100%        2
 Wereblood                Tmut           0%         N/A       100%        2
 Call Canine Familiar     Summ           0%         N/A       100%        3
 Dazzling Flash           Conj/Hex       0%         N/A       100%        3
 Gell's Gravitas          Tloc           0%         N/A       100%        3
 Inner Flame              Hex/Fire       0%         N/A       100%        3
 Kindle Blastsparks       Fire/Tloc/Air  0%         2d10      100%        3
 Lesser Beckoning         Tloc           0%         N/A       100%        3
 Spider Form              Tmut/Pois      0%         N/A       100%        3
 Stone Arrow              Conj/Erth      0%         3d7       100%        3
 Summon Guardian Golem    Hex/Summ       0%         N/A       100%        3
 Teleport Other           Tloc           0%         N/A       100%        3
 Tukima's Dance           Hex            0%         N/A       100%        3
 Airstrike                Air            0%         2d(0-16)  100%        4
 Anguish                  Hex/Necr       0%         N/A       100%        4
 Animate Armour           Summ/Erth      0%         N/A       100%        4
 Animate Dead             Necr           0%         N/A       100%        4
 Flame Wave               Conj/Fire      0%         2d4       100%        4
 Iskenderun's Mystic Bla  Conj/Tloc      0%         2d3       100%        4
 Manifold Assault         Tloc           0%         N/A       100%        4
 Olgreb's Toxic Radiance  Pois           0%         N/A       100%        4
 Passage of Golubria      Tloc           0%         N/A       100%        4
 Petrify                  Tmut/Erth      0%         N/A       100%        4
 Summon Ice Beast         Ice/Summ       0%         N/A       100%        4
 Summon Lightning Spire   Summ/Air       0%         N/A       100%        4
 Agony                    Necr           0%         N/A       100%        5
 Arcjolt                  Conj/Air       0%         1d10      100%        5
 Blade Hands              Tmut           0%         N/A       100%        5
 Borgnjor's Vile Clutch   Necr/Erth      0%         N/A       100%        5
 Iskenderun's Battlesphe  Conj           0%         2d6       100%        5
 Lightning Bolt           Conj/Air       0%         1d11      100%        5
 Metabolic Englaciation   Hex/Ice        0%         N/A       100%        5
 Silence                  Hex/Air        0%         N/A       100%        5
 Summon Mana Viper        Hex/Summ       0%         N/A       100%        5
 Yara's Violent Unravell  Hex/Tmut       0%         3d3       100%        5
 Death Channel            Necr           0%         N/A       100%        6
 Iron Shot                Conj/Erth      0%         9d1       100%        6
 Starburst                Conj/Fire      0%         6d3       100%        6
 Statue Form              Tmut/Erth      0%         N/A       100%        6
 Monstrous Menagerie      Summ           0%         N/A       100%        7
 Orb of Destruction       Conj           0%         9d5       100%        7
 Ozocubu's Refrigeration  Ice            0%         4d7       100%        7
 Spellforged Servitor     Conj/Summ      0%         N/A       100%        7
 Storm Form               Tmut/Air       0%         N/A       100%        7
 Ignition                 Fire           0%         3d3       100%        8


Dungeon Overview and Level Annotations

Branches:
Dungeon (15/15)            Temple (0/1) D:7            Lair (5/5) D:11
 Shoals (4/4) Lair:3       Spider (4/4) Lair:3        Slime (0/5) Lair:5
    Orc (2/2) D:11            Elf (2/3) Orc:2        Vaults (0/5) D:14
 Depths (0/4) D:15          Sewer (visited)           IceCv (visited)
Desolation (1/1)          Gauntlet (visited)

Altars:
Ashenzari
Dithmenos
Elyvilon
Gozag
Hepliaklqana
Kikubaaqudgha
Makhleb
Nemelex Xobeh
Qazlal
Ru
Sif Muna
Trog
Vehumet
Wu Jian
The Shining One

Shops:
D:12 **!(   Orc:2 ([:?

Portals:
Trove: D:10 (give +2 gold dragon scales)


Innate Abilities, Weirdness & Mutations

You have a pair of horns on your head.
You reflexively headbutt those who attack you in melee.


Message History

The guardian serpent closely misses you.
You furiously retaliate!
You headbutt the guardian serpent!!
The guardian serpent hits you but does no damage.
You closely miss the imperial myrmidon.
Your attack snaps the imperial myrmidon out of its fear.
Your headbutt misses the imperial myrmidon.
You feel very sick.
You block the imperial myrmidon's attack.
The guardian serpent completely misses you.
The ironbound convoker hits you with a +0 flail.
* * * LOW HITPOINT WARNING * * *
You block the servant of whispers's attack.
The guardian serpent hits you!
* * * LOW HITPOINT WARNING * * *
You feel much better.
You feel very sick.
The servant of whispers seems to regain its courage.
The imperial myrmidon seems to regain its courage.
You block the guardian serpent's attack. x2
The imperial myrmidon points at you and mumbles some strange words.
Your body is wracked with pain!
* * * LOW HITPOINT WARNING * * *
The ironbound convoker hits you with a +0 flail.
* * * LOW HITPOINT WARNING * * *
You block the servant of whispers's attack.
The guardian serpent hits you but does no damage.
The guardian serpent casts a spell at you.
The bolt of poison hits you. You resist.
* * * LOW HITPOINT WARNING * * *
The imperial myrmidon hits you but does no damage.
The ironbound convoker closely misses you.
The servant of whispers closely misses you.
You feel much better.
You feel sick.
You block the guardian serpent's attack.
The guardian serpent hits you!!
* * * LOW HITPOINT WARNING * * *
You block the imperial myrmidon's attack.
The guardian serpent hits you but does no damage.
The guardian serpent hits you!!
You die...

.....................§§...§.§§
................#.....§§§§#...
............#........§§§§§....
####....................§§§......
..#................)....§.§§....#
#.#.............a................
".#.....#..####..####............
.|#........ #pa#|..............
.##........ #S@#[..)...........
.).#....... #Sa####.....§§.....
.)##....... ..... #......§#....
..#........#..a.... #....§.§§§...
.=#...#....#..####..#.....§#§....
###........#..#..#..#.....§§.....
...........#= #..#[.#...§.§.§....
.......#...####..####.§.§.§§§.§..
.......................#§§§§§§§..


You could see 2 servants of whispers, 2 imperial myrmidons, an ironbound
convoker and 2 guardian serpents.

Vanquished Creatures
  Arachne (Spider:3)
  Rupert (Orc:2)
  2 deep elf blademasters (Orc:2)
  The ghost of sastreii the Genius of the Arcane, an adept GnWr of Sif Muna (Spider:4)
  Frances (D:12)
  Gastronok (Lair:3)
  Agnes (Spider:1)
  Roxanne (Shoals:4)
  8 emperor scorpions
  3 deep elf sorcerers
  A frost giant (Shoals:4)
  3 ghost moths (Spider:4)
  3 imperial myrmidons (Desolation)
  A deep elf elementalist (Elf:2)
  An orc warlord (Elf:1)
  2 broodmothers (Spider:2)
  3 deep elf demonologists
  A minotaur (Gauntlet)
  2 deep elf annihilators (Orc:2)
  4 entropy weavers
  A halazid warlock (Desolation)
  3 spark wasps
  Snorg (Lair:4)
  2 deep elf death magi
  A fire dragon (D:15)
  2 merfolk javelineers (Shoals:4)
  A crystal guardian (Desolation)
  7 ragged hierophants (Desolation)
  4 merfolk impalers
  Fannar (Lair:3)
  Josephine (D:10)
  10 hydras
  9 servants of whispers
  An ice dragon (D:15)
  6 centaur warriors
  2 radroaches (Spider:3)
  2 jorogumos (Spider:4)
  2 catoblepae
  A peacekeeper (Desolation)
  2 vault guards (D:14)
  An alligator snapping turtle (Shoals:2)
  A merfolk aquamancer (Shoals:4)
  2 merfolk avatars
  6 two-headed ogres
  2 satyrs
  6 dancing weapons
  A death knight (D:14)
  12 boulder beetles
  5 death yaks
  Nergalle (Lair:2)
  6 orc high priests
  2 tengu warriors (D:13)
  Urug (Lair:1)
  Sonja (D:12)
  A spectral emperor scorpion (Spider:4)
  4 deep elf knights
  Amaemon (Lair:1)
  3 sun moths
  A spectral ghost moth (Spider:4)
  Lodul (D:12)
  A spectral spark wasp (Spider:4)
  A flayed ghost (D:14)
  5 pharaoh ants
  7 steelbarb worms
  A skeletal warrior (D:14)
  8 sea snakes
  7 deep elf archers
  12 orb spiders
  2 ironbound convokers (Desolation)
  18 deep elf zephyrmancers
  11 deep elf pyromancers
  9 orc knights
  A wizard (Gauntlet)
  A spectral broodmother (Spider:4)
  17 harpies
  2 orc sorcerers
  A spectral radroach (Spider:4)
  34 wolf spiders
  5 moths of wrath
  2 oklob plants
  9 manticores
  9 ugly things
  16 elephants
  7 fauns (Shoals:2)
  3 guardian serpents (Desolation)
  5 merfolk sirens
  9 cyclopes
  3 ice statues (IceCv)
  A smoke demon (Gauntlet)
  2 black mambas
  4 molten gargoyles (Desolation)
  8 torpor snails
  3 emperor scorpion simulacra (Spider:4)
  6 water nymphs
  3 gargoyles (D:12)
  An orange demon (Lair:1)
  15 cane toads
  4 kobold demonologists (D:11)
  8 komodo dragons
  Psyche (D:12)
  11 demonic crawlers
  8 rime drakes
  3 freezing wraiths (D:14)
  An anaconda simulacrum (IceCv)
  A red devil (Gauntlet)
  A queen bee (Lair:2)
  3 meliai (Spider:4)
  4 polar bears
  20 merfolk
  4 trolls
  2 hornets
  38 tarantellas
  5 snapping turtles
  3 wind drakes
  5 blink frogs
  2 jorogumo simulacra (Spider:4)
  26 jumping spiders
  40 saltlings
  4 slime creatures (D:14)
  16 dream sheep
  An air elemental (Orc:2)
  A centaur simulacrum (D:15)
  26 culicivoras
  2 shadows
  4 wyverns
  13 wraiths
  10 humans (D:14)
  4 water elementals
  3 basilisks
  48 yaks
  11 fire bats (D:14)
  4 steam dragons
  63 redbacks
  2 death yak simulacra (IceCv)
  8 vampire mosquitoes
  3 swamp worms (Gauntlet)
  7 acid dragons
  7 wargs
  2 hydra simulacra (IceCv)
  10 water moccasins
  An ice beast (D:6)
  5 black bears
  32 orc warriors
  9 centaurs
  29 wolves
  10 ogres
  5 kobold brigands
  A phantom (D:6)
  2 earth elementals (Elf:1)
  2 necrophages (D:5)
  16 bullfrogs
  A gnoll sergeant (D:8)
  A cane toad simulacrum (IceCv)
  31 scorpions
  4 wights (D:8)
  32 killer bees
  2 howler monkeys
  An elephant simulacrum (Lair:4)
  2 crimson imps (Gauntlet)
  7 hounds
  14 jellies
  36 orc priests
  A gnoll bouda (D:5)
  4 iguanas
  40 orc wizards
  4 polar bear simulacra
  A wolf simulacrum (Lair:4)
  9 gnolls (D:5)
  6 river rats
  12 adders
  A shadow imp (D:7)
  2 white imps (Gauntlet)
  2 ufetubi
  3 worms
  4 dart slugs
  85 orcs
  6 ball pythons
  67 bats
  8 endoplasms
  8 giant cockroaches
  5 hobgoblins
  15 kobolds
  3 quokkas
  A frilled lizard (D:2)
  9 goblins
  5 rats
  A butterfly (Lair:1)
  A plant (D:11)
  A tentacle (Shoals:2)
1393 creatures vanquished.

Vanquished Creatures (others)
  Jorgrun (D:14)
  2 deep elf pyromancers (Elf:1)
  A manticore (Shoals:2)
  Joseph (D:7)
  A fire elemental (Elf:1)
  An orc wizard (D:7)
  2 orcs
  13 demonic plants (Gauntlet)
  17 fungi
  77 plants
  8 tentacles (Shoals:2)
124 creatures vanquished.

Grand Total: 1517 creatures vanquished

Notes
Turn   | Place    | Note
-------+----------+-------------------------------------------
     0 | D:1      | wilfster70 the Minotaur Fighter began the quest for the
                  | Orb.
     0 | D:1      | Reached XP level 1. HP: 19/19 MP: 0/0
   181 | D:1      | Identified a scroll of acquirement
   181 | D:1      | Acquired the +0 pair of boots of Past Mistakes {Str+7 Int+2
                  | Slay+3}
   230 | D:1      | Reached XP level 2. HP: 21/27 MP: 1/1
   387 | D:1      | Acquired the ring of Yruast {rCorr Str+2 Dex-5 Stlth+}
   598 | D:1      | HP: 1/27 [goblin/+0 club (2)]
  1087 | D:2      | Reached skill level 4 in Fighting
  1087 | D:2      | Reached XP level 3. HP: 31/33 MP: 2/2
  1252 | D:2      | Found a faded altar of an unknown god.
  1258 | D:2      | Prayed at the altar of an unknown god.
  1258 | D:2      | Became a worshipper of the Wu Jian Council
  1258 | D:2      | Reached * piety under Wu Jian
  1651 | D:3      | Reached XP level 4. HP: 22/40 MP: 3/3
  1796 | D:3      | Found a glowing drain.
  1839 | Sewer    | Entered a sewer
  1933 | Sewer    | Reached XP level 5. HP: 47/47 MP: 4/4
  1968 | Sewer    | Acquired 614 gold pieces
  2049 | Sewer    | Reached ** piety under Wu Jian
  2050 | Sewer    | Reached skill level 5 in Fighting
  2050 | Sewer    | Reached skill level 5 in Polearms
  2050 | Sewer    | Reached skill level 5 in Armour
  2178 | Sewer    | Reached XP level 6. HP: 55/56 MP: 5/5
  2400 | D:3      | Found an ornate altar of the Wu Jian Council.
  2769 | D:3      | Found a burning altar of Makhleb.
  2784 | D:3      | Found an opulent altar of Gozag.
  2949 | D:3      | Found a shimmering blue altar of Sif Muna.
  2961 | D:3      | Found an ancient bone altar of Kikubaaqudgha.
  3066 | D:4      | Reached XP level 7. HP: 62/62 MP: 6/6
  3166 | D:4      | Found a sacrificial altar of Ru.
  3317 | D:4      | Found a bloodstained altar of Trog.
  3610 | D:5      | Entered Level 5 of the Dungeon
  3660 | D:5      | Reached skill level 6 in Fighting
  3739 | D:5      | Reached *** piety under Wu Jian
  3861 | D:5      | Found a shadowy altar of Dithmenos.
  4065 | D:5      | Reached XP level 8. HP: 71/71 MP: 7/7
  4180 | D:5      | Reached skill level 7 in Fighting
  4294 | D:5      | Found a sparkling altar of Nemelex Xobeh.
  5068 | D:6      | Reached skill level 10 in Polearms
  5073 | D:6      | Reached skill level 8 in Fighting
  5380 | D:6      | Reached XP level 9. HP: 82/82 MP: 8/8
  5802 | D:7      | Noticed Joseph
  5826 | D:7      | Killed Joseph
  5829 | D:7      | Reached skill level 9 in Fighting
  6455 | D:7      | Found a staircase to the Ecumenical Temple.
  6792 | D:8      | Reached **** piety under Wu Jian
  6906 | D:8      | Reached skill level 10 in Fighting
  7033 | D:8      | Found a broken altar of Ashenzari.
  7240 | D:8      | Found a hazy altar of Hepliaklqana.
  7242 | D:8      | Found a faded altar of an unknown god.
  7405 | D:9      | Found a glowing golden altar of the Shining One.
  7456 | D:9      | Reached XP level 10. HP: 78/93 MP: 9/9
  8072 | D:9      | Reached skill level 5 in Shields
  8714 | D:9      | Found a white marble altar of Elyvilon.
  8787 | D:9      | Reached ***** piety under Wu Jian
  9081 | D:10     | Entered Level 10 of the Dungeon
  9081 | D:10     | Noticed a two-headed ogre
  9088 | D:10     | Killed a two-headed ogre
  9089 | D:10     | Reached skill level 11 in Fighting
  9362 | D:10     | Found the +3 crown of Dyrovepreva {rElec Int+2 SInv}
  9416 | D:10     | Noticed a cyclops
  9428 | D:10     | Killed a cyclops
  9430 | D:10     | Noticed Josephine
  9563 | D:10     | Killed Josephine
 10007 | D:10     | Reached XP level 11. HP: 104/104 MP: 10/10
 10017 | D:10     | Reached skill level 12 in Fighting
 10051 | D:10     | Noticed a two-headed ogre
 10066 | D:10     | Killed a two-headed ogre
 10234 | D:10     | Found a portal to a secret trove of treasure.
 10365 | D:10     | Reached skill level 10 in Shields
 10651 | D:11     | Found a staircase to the Lair.
 10651 | D:11     | Noticed an oklob plant
 10717 | D:11     | Found a staircase to the Orcish Mines.
 10869 | D:11     | Noticed a white ugly thing
 10878 | D:11     | Killed a white ugly thing
 11278 | D:11     | Noticed a two-headed ogre
 11283 | D:11     | Killed a two-headed ogre
 11284 | D:11     | Reached skill level 13 in Fighting
 11285 | D:11     | Noticed a two-headed ogre
 11288 | D:11     | Killed a two-headed ogre
 11407 | D:11     | Killed an oklob plant
 11709 | D:11     | Noticed a two-headed ogre
 11717 | D:11     | Killed a two-headed ogre
 11957 | D:11     | Reached XP level 12. HP: 59/116 MP: 11/11
 12439 | Lair:1   | Entered Level 1 of the Lair of Beasts
 12613 | Lair:1   | Noticed Urug
 12622 | Lair:1   | Killed Urug
 12655 | Lair:1   | Reached skill level 14 in Fighting
 12893 | Lair:1   | Noticed Amaemon
 12923 | Lair:1   | Killed Amaemon
 12923 | Lair:1   | Reached ****** piety under Wu Jian
 13322 | Lair:1   | Reached skill level 15 in Shields
 13353 | Lair:1   | Noticed an eight-headed hydra
 13361 | Lair:1   | Killed an eight-headed hydra
 13366 | Lair:1   | Reached skill level 15 in Fighting
 14116 | Lair:1   | Upgraded the game from 0.30-a0-123-g91d0c66ccf to
                  | 0.30-a0-125-g51eefa89be
 14385 | Lair:2   | Reached skill level 16 in Fighting
 15110 | Lair:2   | Noticed Nergalle
 15128 | Lair:2   | Killed Nergalle
 15129 | Lair:2   | Reached XP level 13. HP: 130/130 MP: 12/12
 15500 | Lair:3   | Found a staircase to the Shoals.
 15552 | Lair:3   | Noticed Gastronok
 15566 | Lair:3   | Killed Gastronok
 15567 | Lair:3   | Reached skill level 17 in Fighting
 15797 | Lair:3   | Noticed Fannar
 15802 | Lair:3   | Killed Fannar
 15976 | Lair:3   | Reached skill level 18 in Fighting
 16387 | Lair:3   | Found a hole to the Spider Nest.
 16582 | Lair:3   | Reached skill level 1 in Evocations
 16939 | Lair:4   | Found a frozen archway.
 16961 | IceCv    | Entered an ice cave
 17264 | IceCv    | Identified the +2 helmet of Infinity {rPois Regen+ SInv
                  | Stlth-}
 17388 | IceCv    | Reached skill level 19 in Fighting
 17493 | Lair:4   | Acquired the ring "Dany" {rElec rPois Will+ rCorr Str-2}
 17591 | Lair:4   | Noticed Snorg
 17602 | Lair:4   | Killed Snorg
 18290 | Lair:4   | Reached skill level 5 in Evocations
 18346 | Lair:4   | Reached XP level 14. HP: 115/146 MP: 13/13
 18813 | Lair:5   | Entered Level 5 of the Lair of Beasts
 19501 | Lair:5   | Reached skill level 20 in Fighting
 19588 | Lair:5   | Found a staircase to the Slime Pits.
 20465 | Lair:5   | Acquired a scarf of shadows
 20643 | Lair:5   | Identified the +7 trident of Extinguishment {vamp, Will+
                  | Dex+6}
 20664 | Lair:5   | Identified the amulet of Desertification {Spirit +Blink
                  | rElec rPois rC+}
 21262 | Orc:1    | Entered Level 1 of the Orcish Mines
 21279 | D:11     | Reached skill level 21 in Fighting
 21889 | Orc:2    | Entered Level 2 of the Orcish Mines
 21889 | Orc:2    | Noticed Rupert
 21901 | Orc:2    | Killed Rupert
 21956 | Orc:2    | Found a staircase to the Elven Halls.
 22833 | Orc:2    | Found Xuacyej's Weapon Shop.
 22843 | Orc:2    | Reached XP level 15. HP: 158/158 MP: 14/14
 22844 | Orc:2    | Found Noshirua's Armour Shop.
 22845 | Orc:2    | Found Jyecroadwy's Magic Scroll Boutique.
 22848 | Orc:2    | Found Ukky's Book Boutique.
 22857 | Orc:2    | Bought a scroll of enchant armour for 90 gold pieces
 22861 | Orc:2    | Bought a book of Storms for 448 gold pieces
 23115 | D:12     | Noticed Sonja
 23120 | D:12     | Killed Sonja
 23178 | D:12     | You fall into a shaft and drop 2 floors!
 23288 | D:14     | Found a gate to the Vaults.
 23966 | D:14     | Found a stormy altar of Qazlal.
 24007 | D:14     | Found a stormy altar of Qazlal.
 24049 | D:14     | Found a runed translucent door.
 24051 | D:14     | Found a white marble altar of Elyvilon.
 24073 | D:14     | Found a hazy altar of Hepliaklqana.
 24153 | D:14     | Found a radiant altar of Vehumet.
 24193 | D:14     | Found a white marble altar of Elyvilon.
 24361 | D:14     | Identified the amulet of Beogh's Outrage {+Inv Regen+ rCorr
                  | Stlth-}
 24583 | D:14     | Identified the ring "Noxuceh" {Wiz Int+4}
 24604 | D:14     | Killed Jorgrun
 24784 | D:13     | Noticed Frances
 24982 | D:12     | Killed Frances
 25383 | D:12     | Found Oveakase's Distillery.
 25383 | D:12     | Found Tiqear's Weapon Shop.
 25402 | D:12     | Bought a potion of invisibility for 128 gold pieces
 25402 | D:12     | Bought a potion of curing for 48 gold pieces
 25402 | D:12     | Bought 2 potions of curing for 96 gold pieces
 25402 | D:12     | Bought a potion of magic for 128 gold pieces
 25402 | D:12     | Bought a potion of magic for 128 gold pieces
 25402 | D:12     | Bought a potion of cancellation for 128 gold pieces
 25402 | D:12     | Bought a potion of mutation for 128 gold pieces
 25507 | D:12     | Found Zauvanna's Assorted Antiques.
 25523 | D:12     | Bought a scroll of enchant weapon for 225 gold pieces
 25523 | D:12     | Bought a scroll of enchant weapon for 225 gold pieces
 25701 | D:12     | Found Dusokoj's Assorted Antiques.
 25718 | D:12     | Bought a potion of haste for 270 gold pieces
 25732 | D:12     | Noticed Lodul
 25762 | D:12     | Reached skill level 22 in Fighting
 25771 | D:12     | Killed Lodul
 26005 | D:12     | Noticed Psyche
 26009 | D:12     | Killed Psyche
 26987 | D:15     | Entered Level 15 of the Dungeon
 27049 | D:15     | Found a gate leading to a gauntlet.
 27059 | D:15     | Reached skill level 10 in Armour
 27067 | Gauntlet | Entered a Gauntlet
 27071 | Gauntlet | Found a transporter.
 27079 | Gauntlet | Found a transporter.
 27082 | Gauntlet | Found a transporter.
 27115 | Gauntlet | Identified the +1 hat "Owkyn" {Rampage *Slow Int-2 Slay+6}
 27141 | Gauntlet | Found a large runed translucent door.
 27141 | Gauntlet | Found a large runed translucent door.
 27148 | Gauntlet | Found a large runed translucent door.
 27148 | Gauntlet | Found a large runed translucent door.
 27148 | Gauntlet | Found a runed translucent door.
 27148 | Gauntlet | Found a runed translucent door.
 27148 | Gauntlet | Found a large runed translucent door.
 27148 | Gauntlet | Found a large runed translucent door.
 27148 | Gauntlet | Found a large runed translucent door.
 27148 | Gauntlet | Found a large runed translucent door.
 27149 | Gauntlet | Found a large runed translucent door.
 27149 | Gauntlet | Found a large runed translucent door.
 27150 | Gauntlet | Found a large runed translucent door.
 27150 | Gauntlet | Found a large runed translucent door.
 27151 | Gauntlet | Found a large runed translucent door.
 27151 | Gauntlet | Found a large runed translucent door.
 27151 | Gauntlet | Found a large runed translucent door.
 27151 | Gauntlet | Found a large runed translucent door.
 27151 | Gauntlet | Found a runed translucent gate.
 27151 | Gauntlet | Found a runed translucent gate.
 27151 | Gauntlet | Found a runed translucent gate.
 27155 | Gauntlet | Found a transporter.
 27177 | Gauntlet | Found a transporter.
 27180 | Gauntlet | Found a transporter.
 27188 | Gauntlet | Found a transporter.
 27220 | Gauntlet | Found a transporter.
 27316 | Gauntlet | Found a transporter.
 27328 | Gauntlet | Identified the +5 war axe of the Lesser Evil {drain, *Slow
                  | rN++ Dex+6}
 27328 | Gauntlet | Identified the ring "Jahosoff" {rPois EV+4}
 28324 | D:15     | Found a staircase to the Depths.
 28497 | D:15     | Reached XP level 16. HP: 148/170 MP: 13/15
 28996 | Shoals:1 | Entered Level 1 of the Shoals
 30424 | Shoals:2 | Reached skill level 23 in Fighting
 30539 | Shoals:2 | Noticed a kraken
 31581 | Shoals:4 | Entered Level 4 of the Shoals
 31698 | Shoals:4 | Noticed Roxanne
 31828 | Shoals:4 | Identified the +5 war axe of the Ghost {vorpal, rF+ rC- rN+
                  | Dex+3}
 31844 | Shoals:4 | Identified the +4 arbalest of Xom's Anger {flame, Drain
                  | Dex+10}
 32268 | Shoals:4 | Killed Roxanne
 33325 | Shoals:4 | Got a barnacled rune of Zot
 33425 | Spider:1 | Entered Level 1 of the Spider Nest
 33883 | Spider:1 | Reached XP level 17. HP: 180/180 MP: 16/16
 34183 | Spider:1 | Noticed Agnes
 34194 | Spider:1 | Killed Agnes
 34206 | Spider:1 | Reached skill level 1 in Dodging
 34995 | Spider:1 | Reached skill level 24 in Fighting
 35777 | Spider:1 | Reached skill level 5 in Dodging
 36265 | Spider:2 | Identified the ring "Mownunt" {rF+ Will+ Str+6 Int+8
                  | Stlth-}
 37674 | Spider:2 | Reached skill level 25 in Fighting
 37971 | Spider:3 | Identified the ring of Ametol {Will+ Int+2 Dex+6}
 37982 | Spider:3 | Reached skill level 1 in Throwing
 38111 | Spider:3 | Noticed Arachne
 38491 | Spider:3 | Killed Arachne
 38757 | Spider:4 | Entered Level 4 of the Spider Nest
 38986 | Spider:4 | Reached XP level 18. HP: 194/194 MP: 17/17
 39019 | Spider:4 | Found a runed translucent gate.
 39035 | Spider:4 | Found a runed translucent gate.
 39036 | Spider:4 | Found a runed translucent gate.
 39041 | Spider:4 | Noticed sastreii's ghost (adept GnWr)
 39748 | Spider:4 | Identified the +9 whip "Xijyonn" {flame, rPois Will+}
 41122 | Spider:4 | Killed sastreii's ghost
 41166 | Spider:4 | Reached skill level 5 in Throwing
 41448 | Spider:4 | Got a gossamer rune of Zot
 41617 | Spider:4 | Identified the +2 helmet of Makhleb's Fury {rElec}
 41865 | Elf:1    | Entered Level 1 of the Elven Halls
 41865 | Elf:1    | Found a huge runed gate.
 41865 | Elf:1    | Found a huge runed gate.
 41865 | Elf:1    | Found a huge runed gate.
 41865 | Elf:1    | Found a huge runed gate.
 41865 | Elf:1    | Found a huge runed gate.
 41865 | Elf:1    | Found a huge runed gate.
 41865 | Elf:1    | Found a huge runed gate.
 41865 | Elf:1    | Found a huge runed gate.
 41865 | Elf:1    | Found a huge runed gate.
 41937 | Elf:1    | Paralysed by an air elemental for 1 turns
 41943 | Elf:1    | Paralysed by an air elemental for 1 turns
 41967 | Orc:2    | Reached skill level 10 in Evocations
 42332 | Elf:1    | Paralysed by an air elemental for 1 turns
 42451 | Orc:2    | Paralysed by an air elemental for 1 turns
 42469 | Elf:1    | Noticed a Hell Sentinel
 42552 | Elf:1    | Identified the ring "Ceij" {+Blink rF+ rCorr Str-2 SInv}
 43038 | Elf:1    | Reached skill level 26 in Fighting
 43463 | Elf:1    | Got Oxurph's Collected Works on the Comitatus
 43578 | Elf:1    | Reached XP level 19. HP: 162/204 MP: 11/18
 44003 | Elf:2    | Found a crumbling gateway.
 44033 | Desolati | Entered the Desolation of Salt
 44389 | Desolati | Identified the ring "Seenot" {rPois rF- rCorr Int+3 SInv}
 44392 | Desolati | Identified the ring of Sloth {rC+ Will+ Str+3 Slay+4}
 44401 | Desolati | Identified the amulet "Xave" {RegenMP rCorr Str-3 Int+4}
 45048 | Desolati | HP: 10/206 [guardian serpent (14)]
 45054 | Desolati | HP: 6/206 [guardian serpent (14)]
 45056 | Desolati | Mangled by a guardian serpent

Illustrated notes

Levels and vault maps discovered:
D:1:      evilmike_arrival_plus, layout_rooms
D:2:      minmay_evil_eye, layout_loops_ring, ebering_ecumenical_altar_box
D:3:      layout_basic, palyth_temple_overflow_mages, nzn_wu_jian_contemplation,
          amethyst_overflow_temple_binary, portal_sewer_entry_c
D:4:      layout_basic, trog_book, nicolae_ru_great_annihilating_truth
D:5:      layout_loops_ring, nicolae_dithmenos_the_darkroom,
          overflow_temple_1_default
D:6:      layout_basic
D:7:      layout_loops_ring, minmay_temple_entry_poolview, uniq_joseph
D:8:      layout_loops_ring, mainiacjoe_overflow_cross_hatched,
          beargit_hepliaklqana_dungeon_heroes, grunt_ministairs_7,
          dk_noncrumbling_4
D:9:      layout_roguey, mainiacjoe_overflow_paths,
          nicolae_elyvilon_peaceful_grove
D:10:     layout_basic, nicolae_trove_entry_crossroad, pond, uniq_josephine
D:11:     layout_basic, dpeg_oklobed_lair, erik_orc_3
D:12:     layout_irregular_city, serial_shops, nicolae_shop_advertising_works
          [nicolae_subvault_shop_adworks], nicolae_shop_bloodbath_and_beyond,
          nicolae_shop_trees, nicolae_square_shop, uniq_psyche, uniq_sonja,
          uniq_lodul
D:13:     layout_loops_ring, uniq_frances
D:14:     due_megacathedral, layout_small_grid, ximxim_vaults_locker_room,
          minivault_25, uniq_jorgrun
D:15:     grunt_enter_depths_hoard, layout_irregular_city,
          hangedman_abyss_or_decor_passed, gauntlet_entry_generic
Lair:1:   layout_long_grid, nzn_random_ring, lemuel_fruit_fields,
          serial_bayou_shore_a, uniq_urug, uniq_amaemon
Lair:2:   layout_roguey [special_room_bee], minivault_26, uniq_nergalle
Lair:3:   layout_regular_city, elwin_shoals_entry_rocks,
          nicolae_spider_entry_tight_spaces, uniq_fannar, uniq_gastronok
Lair:4:   nzn_winding_woodlands_medium [nzn_winding_woodlands_5x5_default,
          nzn_winding_woodlands_5x15_concentric,
          nzn_winding_woodlands_5x5_default, nzn_winding_woodlands_5x5_three,
          nzn_winding_woodlands_center_diamonds,
          nzn_winding_woodlands_5x5_closed_star,
          nzn_winding_woodlands_5x5_default, nzn_winding_woodlands_5x15_eye,
          nzn_winding_woodlands_5x5_default], layout_cave_shapes,
          portal_ice_cave_entry_ice_simulacra, uniq_snorg
Lair:5:   gammafunk_lair_ancient_temple, layout_big_grid,
          minmay_slime_entry_jelly_boxes, small_statue_intersection,
          minmay_stone_trees_large
Shoals:1: layout_shoals, uniq_louise
Shoals:2: layout_shoals, nicolae_shoals_land_atoll
Shoals:3: layout_shoals, nicolae_shoals_cliffside_cave
Shoals:4: shoals_end_grunt_ice, layout_shoals, uniq_roxanne
Spider:1: spiders_nest_a, uniq_agnes
Spider:2: layout_spider_delve
Spider:3: layout_spider_delve, uniq_arachne
Spider:4: grunt_spider_rune_island, gammafunk_ghost_necromancy
Orc:1:    layout_caves
Orc:2:    st_orc_mages, layout_caves, uniq_rupert
Elf:1:    layout_loops_corners, special_room [special_room_orc],
          minmay_elf_sorcery, minmay_fountain_box, door_vault
Elf:2:    nicolae_elf_blades_crystal_corner, layout_loops_corners,
          portal_desolation_entry_salt, wad_dig_loot
Desolation

Skill      XL: |  1  2  3  4  5  6  7  8  9 10 11 12 13 14 15 16 17 18 19 |
---------------+----------------------------------------------------------+-----
Shields        | 4 8 13 15 17 20 21 22 | 22.4
Polearms       | 3 4 5 6 8 10 13 14 | 14.0
Fighting       | 4 5 6 8 10 11 13 16 19 21 22 23 25 26 | 26.9
Armour         | 4 5 6 7 10 | 10.0
Evocations     | 5 8 9 10 | 10.0
Dodging        | 6 |  6.0
Throwing       | 2 7 9 |  9.5

Action                   |  1- 3 |  4- 6 |  7- 9 | 10-12 | 13-15 | 16-18 | 19-21 || total
-------------------------+-------+-------+-------+-------+-------+-------+-------++-------
Melee: Trident           |    74 |   125 |   283 |   296 |   961 |  2179 |   393 ||  4311
       Headbutt          |     7 |    10 |    45 |   124 |   374 |   594 |   118 ||  1272
       Demon trident     |       |       |       |   327 |   530 |       |       ||   857
 Fire: Sling             |       |     1 |       |       |       |       |       ||     1
Invok: Whirlwind         |     3 |     3 |    11 |    45 |    82 |   109 |    28 ||   281
       Lunge             |     1 |     6 |     9 |    19 |    27 |    30 |     7 ||    99
       Serpent's Lash    |       |       |       |       |     2 |     2 |     1 ||     5
       Heavenly Storm    |       |       |       |       |     1 |     1 |       ||     2
Evoke: Wand              |       |       |       |     1 |     1 |    10 |       ||    12
  Use: Scroll            |     2 |     1 |    10 |    18 |    11 |    12 |     2 ||    56
       Potion            |     1 |       |       |     1 |     1 |     9 |     7 ||    19
 Stab: Paralysed         |       |       |     1 |       |       |       |       ||     1
       Petrified         |       |       |       |       |     8 |       |       ||     8
       Distracted        |       |       |       |       |       |     1 |       ||     1
Armor: Scale mail        |    30 |     3 |       |       |       |       |       ||    33
       Plate armour      |       |    57 |    99 |   239 |   473 |   598 |       ||  1466
       Crystal plate arm |       |       |       |       |       |   445 |    91 ||   536
Dodge: Dodged            |    32 |    25 |    60 |   125 |   219 |   516 |    69 ||  1046
Block: Buckler           |    11 |    19 |    26 |       |       |       |       ||    56
       Kite shield       |       |       |     4 |   266 |   384 |       |       ||   654
       Tower shield      |       |       |       |       |   438 |  2341 |   314 ||  3093
       Reflection        |       |       |       |       |    14 |    76 |     1 ||    91

Table legend: (Time is in decaauts)
 A = Elapsed time spent in this place.
 B = Non-inter-level travel time spent in this place.
 C = Inter-level travel time spent in this place.
 D = Time resting spent in this place.
 E = Time spent auto-exploring this place.
 F = Levels seen in this place.
 G = Mean time per level.
                   A        B        C        D        E       F      G
               +--------+--------+--------+--------+--------+-----+--------+
         Total |  44070 |  42468 |   1602 |  15120 |  12264 |  36 | 1224.2 |
       Dungeon |  17617 |  16963 |    654 |   5126 |   7138 |  15 | 1174.5 |
          Lair |   9115 |   8655 |    460 |   3498 |   2778 |   5 | 1823.0 |
        Shoals |   4256 |   4161 |     95 |   1531 |     93 |   4 | 1064.0 |
   Spider Nest |   7235 |   6989 |    246 |   3142 |   1106 |   4 | 1808.8 |
  Orcish Mines |   2157 |   2063 |     94 |    842 |    450 |   2 | 1078.5 |
   Elven Halls |   1505 |   1456 |     49 |     69 |    600 |   2 |  752.5 |
         Sewer |    478 |    478 |      0 |     81 |     98 |   1 |  478.0 |
      Ice Cave |    478 |    478 |      0 |    322 |      0 |   1 |  478.0 |
    Desolation |    937 |    937 |      0 |    434 |      0 |   1 |  937.0 |
      Gauntlet |    288 |    288 |      0 |     75 |      0 |   1 |  288.0 |
               +--------+--------+--------+--------+--------+-----+--------+

Top non-repeatable levels by time:
     D:9: 2376 daAuts
  Lair:4: 2296 daAuts
  Lair:3: 2242 daAuts
Spider:4: 1994 daAuts
    D:11: 1976 daAuts
Spider:2: 1956 daAuts
Spider:1: 1891 daAuts
  Lair:1: 1780 daAuts
Shoals:4: 1706 daAuts
    D:15: 1521 daAuts
    D:12: 1508 daAuts
    D:14: 1490 daAuts
   Elf:1: 1422 daAuts
  Lair:2: 1412 daAuts
Spider:3: 1393 daAuts
